Map: Cyber Forest LE

Players

Bacon - Winner!

  • Race: Protoss Protoss
  • League: Gold
  • Spawn Location: 11:00

Ntimur

  • Race: Protoss Protoss
  • League: Platinum
  • Spawn Location: 5:00

VOD

Have the link to the VOD?

Description

Time

  • Played on: July 6, 2019, 2:49 a.m.
  • Length: 26:12
Show
View Real Time Build Order
Export as new Build Order

Bacon Protoss - Winner!

Build Orders:  

Get SALT Encoding   

  12  0:01  Probe  
  13  0:17  Pylon  
  13  0:19  Probe  
  14  0:31  Probe  
  15  0:38  Gateway  
  15  0:43  Assimilator  
  15  0:45  Probe  
  16  0:53  Probe  
  17  1:04  Gateway  
  17  1:34  Probe  
  17  1:37  Zealot  
  18  1:46  Probe  
  21  1:53  Zealot  
  23  2:00  Probe  
  23  2:18  Nexus  
  23  2:27  Pylon  
  23  2:43  Cybernetics Core  
  23  2:45  Probe, Zealot x2  
  28  2:58  Probe  
  29  3:03  Assimilator  
  29  3:14  Pylon, Stalker  
  31  3:30  Sentry  
  33  4:02  Stalker x2  
  35  4:18  Robotics Facility  
  33  4:31  Stalker  
  35  4:49  Gateway, Probe  
  30  5:00  Stalker  
  32  5:22  Zealot  
  34  5:28  Pylon  
  34  5:30  Zealot  
  36  5:36  Pylon  
  36  5:46  Immortal  
  40  6:26  Stalker  
  42  6:34  Gateway  
  40  6:44  Immortal  
  40  7:08  Warp Gate  
  40  7:12  Probe  
  41  7:16  Stalker x2  
  45  7:24  Probe  
  46  7:34  Pylon  
  46  7:52  Immortal  
  46  7:57  Stalker x2  
  52  8:21  Stalker  
  54  8:28  Pylon  
  40  9:16  Immortal  
  44  9:17  Stalker  
  44  9:18  Stalker x2  
  48  9:42  Sentry  
  46  10:25  Stargate  
  46  10:26  Stargate  
  44  11:02  Immortal  
  48  11:07  Zealot  
  48  11:08  Zealot x2  
  54  11:16  Void Ray  
  56  11:50  Void Ray  
  60  11:58  Stalker  
  62  12:04  Pylon  
  62  12:31  Gateway  
  62  12:50  Nexus  
  57  13:23  Pylon  
  57  13:25  Pylon  
  57  13:27  Pylon  
  55  13:44  Probe  
  55  13:46  Stalker  
  55  13:47  Stalker x3  
  64  13:48  Nexus  
  64  13:52  Pylon  
  64  13:54  Pylon  
  64  13:56  Probe  
  64  14:01  Observer  
  66  14:08  Probe  
  67  14:29  Probe, Fleet Beacon  
  58  15:10  Probe  
  59  15:21  Probe  
  59  15:24  Probe  
  61  15:29  Probe  
  61  15:32  Probe  
  62  15:37  Probe  
  62  15:41  Probe  
  62  15:49  Probe  
  52  16:12  Probe x2  
  49  16:34  Carrier  
  49  16:36  Probe  
  49  16:37  Probe  
  57  16:45  Assimilator x2  
  57  16:48  Probe, Stalker  
  57  16:49  Probe, Stalker x2  
  65  17:02  Probe  
  65  17:03  Probe  
  67  17:15  Probe  
  68  17:18  Nexus  
  68  17:40  Probe x2  
  68  17:43  Assimilator  
  70  17:45  Assimilator  
  70  17:48  Anion Pulse-Crystals  
  70  17:57  Probe x2  
  72  18:09  Probe x2  
  74  18:21  Probe x2  
  76  18:33  Probe  
  77  18:43  Zealot  
  77  18:44  Zealot x3  
  77  18:45  Probe  
  86  18:53  Probe  
  87  18:58  Probe  
  88  19:04  Carrier  
  88  19:05  Probe, Carrier  
  88  19:08  Zealot x4  
  109  19:17  Probe  
  108  19:37  Probe  
  108  19:43  Immortal  
  108  19:45  Probe  
  114  19:54  Probe  
  114  19:59  Stargate  
  115  20:08  Carrier, Protoss Air Weapons Level 1  
  121  20:19  Carrier  
  127  20:26  Zealot x2  
  127  20:27  Zealot  
  133  20:29  Zealot  
  127  21:21  Carrier  
  127  21:22  Carrier  
  137  21:29  Pylon  
  137  21:32  Mothership  
  141  21:37  Pylon  
  133  21:40  Pylon  
  133  21:41  Pylon  
  133  21:56  Pylon  
  133  21:58  Pylon  
  133  22:00  Stargate, Pylon  
  133  22:30  Nexus  
  133  22:34  Forge  
  133  22:35  Gateway  
  133  22:37  Gateway  
  133  22:41  Carrier  
  133  22:43  Carrier  
  145  22:48  Carrier  
  151  23:09  Probe  
  152  23:18  Pylon  
  152  23:19  Pylon  
  152  23:21  Probe  
  152  23:22  Protoss Shields Level 1, Pylon  
  152  23:25  Pylon  
  152  23:26  Pylon  
  153  23:33  Probe  
  154  24:01  Tempest x3  
  163  24:43  Stalker x2  
  163  24:44  Stalker x3  
  163  24:45  Stalker  
Show
View Real Time Build Order
Export as new Build Order

Ntimur Protoss 

Build Orders:  

Get SALT Encoding   

  12  0:03  Probe  
  13  0:15  Probe, Pylon  
  14  0:23  Probe  
  15  0:41  Gateway  
  15  0:57  Pylon  
  15  1:00  Probe  
  16  1:08  Probe, Assimilator  
  16  1:14  Assimilator  
  16  1:16  Probe  
  18  1:32  Cybernetics Core  
  18  1:40  Probe  
  19  1:52  Probe  
  20  2:04  Probe  
  20  2:06  Gateway  
  21  2:12  Adept  
  22  2:34  Probe  
  22  2:35  Pylon  
  22  2:36  Forge  
  23  2:49  Pylon  
  23  2:50  Probe  
  23  2:54  Shield Battery  
  24  3:00  Shield Battery  
  24  3:02  Probe  
  25  3:06  Adept  
  27  3:20  Photon Cannon  
  27  3:56  Photon Cannon x2  
  27  4:14  Adept x2  
  31  4:38  Nexus  
  31  4:44  Adept x2  
  35  4:56  Protoss Ground Armor Level 1  
  35  5:00  Pylon  
  35  5:05  Pylon  
  35  5:08  Adept  
  35  5:12  Probe  
  36  5:14  Adept  
  40  5:24  Probe  
  41  5:32  Pylon  
  41  5:36  Probe, Photon Cannon  
  41  6:03  Probe  
  42  6:08  Probe  
  43  6:15  Probe  
  44  6:19  Pylon  
  44  6:20  Probe  
  44  6:22  Shield Battery  
  45  6:27  Probe  
  45  6:32  Probe  
  47  6:39  Probe  
  46  6:44  Probe  
  47  6:51  Probe  
  48  6:56  Probe  
  43  7:15  Photon Cannon  
  43  7:16  Photon Cannon  
  43  7:19  Photon Cannon  
  43  7:22  Gateway  
  43  7:23  Gateway  
  43  7:24  Gateway  
  43  7:26  Gateway  
  42  7:32  Photon Cannon  
  42  7:34  Photon Cannon  
  42  7:36  Photon Cannon  
  39  7:53  Protoss Ground Weapons Level 1  
  39  8:00  Probe  
  39  8:02  Twilight Council  
  40  8:09  Sentry x2, Adept x2  
  40  8:12  Probe  
  49  8:24  Probe  
  50  8:30  Adept  
  50  8:32  Adept, Pylon  
  50  8:33  Pylon  
  50  8:36  Adept, Probe  
  50  8:37  Pylon  
  49  8:48  Probe  
  49  8:52  Stalker  
  46  8:59  Adept, Photon Cannon  
  46  9:02  Adept  
  50  9:05  Shield Battery  
  50  9:06  Adept  
  50  9:07  Shield Battery  
  50  9:22  Adept  
  52  9:29  Adept  
  52  9:32  Adept  
  52  9:36  Adept  
  54  9:43  Shield Battery  
  54  9:45  Shield Battery  
  54  9:52  Adept  
  55  9:59  Adept  
  53  10:02  Adept  
  53  10:06  Adept  
  51  10:15  Resonating Glaives  
  51  10:22  Adept  
  51  10:27  Probe  
  54  10:35  Photon Cannon  
  58  10:39  Probe  
  51  10:51  Probe  
  50  11:30  Warp Gate  
  48  11:41  Pylon  
  48  11:57  Gateway  
  48  12:00  Gateway x2  
  48  12:02  Gateway  
  48  12:03  Gateway, Protoss Ground Weapons Level 2  
  48  12:04  Gateway  
  48  12:06  Gateway x2  
  48  12:09  Gateway x2  
  48  12:21  Gateway  
  48  12:23  Gateway  
  48  12:24  Gateway  
  48  12:26  Gateway  
  48  12:27  Gateway  
  48  12:30  Forge  
  48  12:35  Pylon  
  44  13:23  Pylon  
  44  13:26  Nexus  
  44  13:31  Adept x5  
  44  13:32  Adept x4  
  61  13:34  Adept  
  63  13:52  Nexus  
  63  14:01  Adept  
  63  14:02  Adept x6  
  73  14:18  Photon Cannon  
  73  14:19  Photon Cannon  
  73  14:22  Photon Cannon  
  73  14:37  Protoss Ground Armor Level 2  
  55  15:21  Adept  
  55  15:22  Adept x5  
  55  15:23  Adept x3  
  55  15:24  Adept x3  
  39  16:27  Stargate  
  39  16:30  Stargate  
  38  16:39  Adept x5  
  48  17:04  Nexus  
  48  17:07  Protoss Shields Level 1  
  48  17:12  Protoss Ground Armor Level 3  
  48  17:17  Phoenix x2  
  52  17:43  Photon Cannon  
  52  17:46  Pylon  
  52  17:57  Adept x2  
  52  17:58  Adept x3  
  62  18:17  Probe  
  58  18:25  Probe  
  59  18:33  Phoenix x2  
  60  18:35  Probe  
  65  18:47  Probe  
  66  18:55  Assimilator x2  
  66  18:59  Probe, Assimilator x2  
  67  19:04  Assimilator  
  67  19:07  Assimilator  
  67  19:11  Probe  
  67  19:15  Protoss Ground Weapons Level 3  
  68  19:23  Probe  
  60  19:35  Probe  
  52  19:55  Nexus  
  52  20:04  Pylon  
  52  20:05  Probe  
  52  20:17  Probe  
  53  20:31  Stalker  
  53  20:32  Stalker x5  
  53  20:33  Stalker x2  
  53  20:35  Stalker  
  71  20:42  Nexus  
  71  20:49  Photon Cannon  
  65  21:05  Blink  
  60  21:31  Assimilator  
  60  21:41  Probe  
  60  21:44  Probe  
  61  21:49  Probe  
  61  21:52  Probe  
  63  21:58  Probe  
  63  22:00  Probe x2  
  67  22:11  Probe  
  68  22:16  Protoss Shields Level 2  
  68  22:23  Probe  
  69  22:31  Probe  
  70  22:39  Probe  
  72  22:47  Probe  
  72  22:49  Probe  
  72  22:55  Probe  
  72  22:56  Probe  
  74  23:01  Probe  
  74  23:03  Probe  
  76  23:08  Probe  
  78  23:13  Probe  
  78  23:14  Probe  
  80  23:20  Probe  
  80  23:25  Probe  
  80  23:26  Probe  
  83  23:33  Probe  
  84  23:37  Probe  
  84  23:38  Probe  
  64  23:49  Probe  
  64  23:50  Probe  
  62  23:56  Stalker x2  
  62  23:57  Stalker x4  
  62  23:58  Stalker x3  
  62  24:00  Stalker  
  82  24:11  Probe  
  82  24:13  Probe  
  84  24:19  Probe  
  75  24:29  Probe  
  57  24:39  Pylon  
  57  24:41  Probe  
  57  24:43  Assimilator  
  58  24:48  Assimilator  
  56  24:53  Probe  
  57  25:00  Stalker x4  
  57  25:01  Stalker x3  
  57  25:05  Probe  
  71  25:17  Probe  
  71  25:20  Stalker x2  
Tags
 
Matchup
PvP
Spawn Locations
Cross Positions
Add a new tag
Caveats
  • Supply blocks, unpowered buildings, or Contaminate may cause inaccurate times.
  • Supply counts are checked every 10 seconds.